 Dungeon Crawl Stone Soup version 0.21.1-1-g345015f (webtiles) character file.

164 pk666 the Magician (level 5, -7/28 HPs)
             Began as a Deep Elf Wizard on Feb 13, 2018.
             Mangled by a gnoll
             ... wielding a +0 flail
              (15 damage)
             ... on level 2 of the Dungeon.
             The game lasted 00:07:51 (3651 turns).

pk666 the Magician (Deep Elf Wizard)                Turns: 3651, Time: 00:07:52

Health: -7/28      AC:  2    Str:  4    XL:     5   Next: 21%
Magic:  6/14       EV: 13    Int: 24    God:
Gold:   81         SH:  0    Dex: 13    Spells: 5/14 levels left

rFire    . . .     SeeInvis .   j - +0 dagger
rCold    . . .     Gourm    .   (no shield)
rNeg     . . .     Faith    .   a - +0 robe
rPois    .         Spirit   .   b - +0 hat
rElec    .         Reflect  .   (no cloak)
rCorr    .         Harm     .   (no gloves)
MR       .....                  (no boots)
Stlth    ++........             (no amulet)
HPRegen  0.09/turn              (no ring)
MPRegen  0.14/turn              (no ring)

@: no status effects
A: no striking features
a: no special abilities


You were on level 2 of the Dungeon.
You were not hungry.

You visited 1 branch of the dungeon, and saw 3 of its levels.

You collected 81 gold pieces.

Inventory:

Hand Weapons
 j - a +0 dagger (weapon)
Armour
 a - a +0 robe (worn)
 b - a +0 hat (worn)
Scrolls
 e - a scroll of blinking {unknown}
 g - 3 scrolls of teleportation {unknown}
 i - a scroll of remove curse {unknown}
 k - a scroll of fog {unknown}
 n - 4 scrolls of identify {unknown}
Potions
 f - a potion of brilliance {unknown}
 h - a potion of cancellation {unknown}
 l - a potion of resistance {unknown}
 m - a potion of haste {unknown}
 o - a potion of ambrosia {unknown}
 q - a potion of might {unknown}
Books
 c - a book of Minor Magic

   Spells                             Type                      Level
   a - Magic Dart                     Conjuration                  1
   b - Blink                          Translocation                2
   c - Call Imp                       Summoning                    2
   d - Slow                           Hexes                        2
   e - Conjure Flame                  Conjuration/Fire             3
   f - Mephitic Cloud                 Conjuration/Poison/Air       3
Comestibles
 d - 5 rations


   Skills:
 + Level 1.2 Short Blades
 + Level 3.4 Dodging
 - Level 2.4 Stealth
 * Level 5.3 Spellcasting
 * Level 2.7 Conjurations
   Level 1.1 Summonings
 - Level 1.1 Translocations
 * Level 1.4 Fire Magic
 * Level 1.3 Air Magic
 * Level 1.2 Poison Magic


You had 5 spell levels left.
You knew the following spells:

 Your Spells              Type           Power        Failure   Level  Hunger
a - Magic Dart            Conj           ###.         2%          1    None
b - Blink                 Tloc           N/A          9%          2    None
d - Conjure Flame         Conj/Fire      ###.....     11%         3    ##.....
z - Mephitic Cloud        Conj/Pois/Air  ###.....     12%         3    ##.....


Dungeon Overview and Level Annotations

Branches:
Dungeon (3/15)

Altars:


Message History

You climb upwards.
There is a stone staircase leading down here.
There is an open door here.
Your magical contamination has completely faded away.
The gnoll hits you with a flail!
* * * LOW HITPOINT WARNING * * *
Casting: Magic Dart
Confirm with . or Enter, or press ? or * to list all spells.
Aiming: Magic Dart
Press: ? - help, Shift-Dir - straight line, f - gnoll
Aim: a gnoll, wielding a flail The magic dart hits the gnoll.
The gnoll barely misses you.
Casting: Magic Dart
Confirm with . or Enter, or press ? or * to list all spells.
Aiming: Magic Dart
Press: ? - help, Shift-Dir - straight line, f/p - gnoll
Aim: a gnoll, wielding a flail The magic dart hits the gnoll.
The gnoll hits you with a flail!
Ouch! That really hurt!
You die...

##.#######.##................
######.#<#......#..#####......###
.....#...#.###..#..#..........#
####.#...#.#.......#.##.......#
#.#...#.#.#.....#.##.......#
#.#.#.#.#..................### #
#.....#.###.#...#.###.........
######.#...#..............##.....
<....#.##..#....@.##.#######.....
.###.#.##..#...g..##.# ###### .#
#.#.#..........##.# .#
#.#.#.#..#..#.###.# .#
#.....#.......# #.#
.#####.###..##.### #.#
.......###.......###.#
#####......#.#.#(....# #
#.######...#.....#


You could see a gnoll.

Vanquished Creatures
  A hound skeleton (D:2)
  4 gnolls
  4 adders (D:2)
  An ooze (D:1)
  4 worms (D:2)
  4 dart slugs
  3 leopard geckos (D:2)
  An orc (D:2)
  2 ball pythons
  3 giant cockroaches
  3 goblins
  A hobgoblin (D:2)
  2 jackals (D:2)
  A quokka (D:3)
  13 bats
  4 frilled lizards
  4 kobolds
  4 rats
59 creatures vanquished.

Notes
Turn   | Place    | Note
-------+----------+-------------------------------------------
     0 | D:1      | pk666 the Deep Elf Wizard began the quest for the Orb.
     0 | D:1      | Reached XP level 1. HP: 10/10 MP: 7/7
   224 | D:1      | Reached XP level 2. HP: 15/15 MP: 5/9
  1328 | D:2      | Reached XP level 3. HP: 19/19 MP: 6/11
  1381 | D:2      | Learned a level 2 spell: Blink
  1385 | D:2      | Learned a level 3 spell: Mephitic Cloud
  1389 | D:2      | Learned a level 3 spell: Conjure Flame
  1530 | D:2      | Reached skill level 1 in Short Blades
  1530 | D:2      | Reached skill level 5 in Spellcasting
  1789 | D:2      | Reached XP level 4. HP: 17/24 MP: 5/13
  2781 | D:2      | Reached skill level 1 in Fire Magic
  2781 | D:2      | Reached skill level 1 in Air Magic
  3127 | D:3      | Reached skill level 1 in Poison Magic
  3414 | D:2      | Reached XP level 5. HP: 23/28 MP: 6/14
  3651 | D:2      | Mangled by a gnoll

Skill      XL: |  1  2  3  4 |
---------------+-------------+-----
Dodging        | 3 |  3.4
Conjurations   | 2 |  2.7
Short Blades   | 1 |  1.2
Spellcasting   | 5 |  5.3
Fire Magic     | 1 |  1.4
Air Magic      | 1 |  1.3
Poison Magic   | 1 |  1.2
Stealth        | |  2.4
Summonings     | |  1.1
Translocations | |  1.1

Action                   |  1- 3 |  4- 6 || total
-------------------------+-------+-------++-------
Melee: Dagger            |       |     3 ||     3
 Cast: Magic Dart        |    92 |   106 ||   198
       Mephitic Cloud    |       |     1 ||     1
 Stab: Confused          |       |     1 ||     1
  Eat: Chunk             |     2 |     6 ||     8
Armor: Robe              |     2 |     5 ||     7
Dodge: Dodged            |    19 |    43 ||    62
